 Dungeon Crawl Stone Soup version 0.31.0-4-g52a2dc7128 (webtiles) character file.

Game seed: 16813441233408157358

46 ProzacElf the Ducker (level 3, 0/31 HPs)
             Began as a Troll Enchanter on Jan 23, 2024.
             Slain by a gnoll
             ... wielding a +0 flail
              (8 damage)
             ... on level 2 of the Dungeon.
             The game lasted 00:01:49 (1072 turns).

ProzacElf the Ducker (Troll Enchanter)              Turns: 1072, Time: 00:01:49

Health: 0/31       AC:  4    Str: 18    XL:     3   Next: 46%
Magic:  12/12      EV: 10    Int: 11    God:
Gold:   61         SH:  0    Dex: 16    Spells: 4/4 levels left

rFire   . .          .
                       - Unarmed
rCold   . . .        (no shield)
rNeg    . . .        a - +0 robe
rPois   .            (helmet restricted)
rElec   .            (no cloak)
rCorr   .            (gloves unavailable)
SInv    .            (boots unavailable)
Will    .....        (no amulet)
Stlth   ++           d - +6 ring of dexterity
HPRegen 1.05/turn    g - ring of magical power
MPRegen 0.13/turn

%: no passive effects
@: no status effects
A: large, unfitting armour, claws 3, regeneration 1, shaggy fur 1, tough skin 1
a: no special abilities


You were on level 2 of the Dungeon.
You visited 1 branch of the dungeon, and saw 2 of its levels.

You collected 61 gold pieces.

Inventory:

Hand Weapons
 b - a +1 dagger
Missiles
 e - 2 large rocks (quivered)
Armour
 a - a +0 robe (worn)
Jewellery
 d - a +6 ring of dexterity (left claw)
 g - a ring of magical power (right claw)
Scrolls
 f - a scroll of teleportation {unknown}
 h - a scroll of identify {unknown}
Potions
 c - 3 potions of invisibility
 i - a potion of curing {unknown}


   Skills:
 - Level 0.7 Short Blades
 + Level 2.5 Dodging
 - Level 1.5 Stealth
 + Level 2.1 Unarmed Combat
 - Level 1.2 Spellcasting
 - Level 2.0 Hexes


You had 4 spell levels left.
You didn't know any spells.
Your spell library contained the following spells:

 Spells                   Type           Power      Damage    Failure   Level
 Ensorcelled Hibernation  Hex/Ice        4%         N/A       32%         2
 Confusing Touch          Hex            5%         N/A       38%         3
 Tukima's Dance           Hex            5%         N/A       38%         3
 Dazzling Flash           Conj/Hex       4%         N/A       54%         3


Dungeon Overview and Level Annotations

Branches:
Dungeon (2/15)

Altars:


Innate Abilities, Weirdness & Mutations

You are too large for most types of armour.
You have claws for hands.
Your natural rate of healing is unusually fast.
You are covered in fur. (AC +1)
You have tough skin. (AC +1)


Message History

Nay target in view!
Ye now haf 46 gold pieces (gain'd 8).
Ye now haf 61 gold pieces (gain'd 15).
An endoplasm comes inta view.
Found a scroll labelled EMASYM FOICUS.
A gnoll comes inta view.
It be wieldin' a +0 whip.
Tha helpless endoplasm fails ta defend itself.
Ye claw tha endoplasm!
Ye kill tha endoplasm!
Nay target in view!
Found a scroll labelled XYNTIU KESOLODO. 2 gnolls come inta view.
Tha gnoll shouts! x3; Ye hear a shout!
An endoplasm comes inta view.
A goblin comes inta view.
It be wieldin' a +0 dagger.
Ye closely miss tha gnoll.
Tha gnoll hits ye wit' a +0 whip.
Ye take 6 damage, an' haf 25/31 hp.
Ye barely miss tha gnoll.
Tha gnoll hits ye wit' a +0 whip.
Ye take 5 damage, an' haf 20/31 hp.
Ye completely miss tha gnoll.
Tha gnoll hits ye but does nay damage.
Tha gnoll hits ye wit' a +0 flail!
Ye take 9 damage, an' haf 11/31 hp.
MASSIVE DAMAGE!!
Ye be too injured ta fight recklessly!
Ye be too injured ta fight recklessly!
Ye be too injured ta fight recklessly!
Ye be too injured ta fight recklessly!
Ye be too injured ta fight recklessly!
Ye be too injured ta fight recklessly!
Ye be too injured ta fight recklessly!
Ye be too injured ta fight recklessly!
Ye be too injured ta fight recklessly!
Ye be too injured ta fight recklessly!
Ye be too injured ta fight recklessly!
Ye be too injured ta fight recklessly!
Tha gnoll attacks as it pursues ye!
Tha gnoll barely misses ye.
Tha gnoll attacks as it pursues ye!
Tha gnoll hits ye wit' a +0 flail!
* * * LOW HITPOINT WARNIN'
* * * Ye take 8 damage, an' haf 7/31 hp.
MASSIVE DAMAGE!!
Tha gnoll attacks as it pursues ye!
Tha gnoll hits ye wit' a +0 flail!
Ye die...

#........# #############..
#........# #..........##..
#........# #..........##..
#........# #..........##..
##........# #..........##..
#.........# #..........##<.
#.........###..........##..
#.........#................
#.######.g@.............##.
###.####.g..#............###.
#...........#............# ##
##.......g.g..#..##.####### #
#...?............##.....# ##
#........................# #.
#.................. ##...†###.
#.....?............###(.......
#......................#......


You could see 3 gnolls and a goblin.

Vanquished Creatures
  An adder (D:2)
  A dart slug (D:1)
  2 bats
  4 endoplasms
  2 giant cockroaches
  5 goblins (D:1)
  A hobgoblin (D:1)
  2 jackals (D:2)
  A quokka (D:1)
  6 ball pythons
  4 frilled lizards
  2 kobolds (D:1)
  2 rats (D:1)
33 creatures vanquished.

Notes
Turn   | Place    | Note
-------+----------+-------------------------------------------
     0 | D:1      | ProzacElf the Troll Enchanter began the quest for the Orb.
     0 | D:1      | Reached XP level 1. HP: 16/16 MP: 1/1
   101 | D:1      | Reached skill level 1 in Unarmed Combat
   121 | D:1      | Reached XP level 2. HP: 24/24 MP: 2/2
   936 | D:2      | Reached XP level 3. HP: 31/31 MP: 3/3
  1072 | D:2      | Slain by a gnoll

Illustrated notes

Levels and vault maps discovered:
D:1:      shiori_arrival_maze, layout_basic, roderic_serpentine_path
D:2:      layout_rooms

Skill      XL: |  1  2  3 |
---------------+----------+-----
Unarmed Combat | 1 2 |  2.1
Dodging        | 2 |  2.5
Short Blades   | |  0.7
Stealth        | |  1.5
Spellcasting   | |  1.2
Hexes          | |  2.0

Action                     || total
---------------------------++-------
  Melee: Unarmed           ||    88
         Punch             ||     1
   Stab: Sleeping          ||     3
 Armour: Robe              ||    52
  Dodge: Dodged            ||    49

Action                     || total
---------------------------++-------
  Melee: Unarmed           ||    88
         Punch             ||     1
   Stab: Sleeping          ||     3
 Armour: Robe              ||    52
  Dodge: Dodged            ||    49

Levels and vault maps discovered:
D:1:      shiori_arrival_maze, layout_basic, roderic_serpentine_path
D:2:      layout_rooms
